 Dungeon Sprint DCSS version 0.18-a0-1788-g92de1ac (webtiles) character file.

13800000 Kidiri the Conqueror (level 27, -7/273 HPs)
             Began as a Centaur Gladiator on Apr 20, 2016.
             Was the Champion of Makhleb.
             Killed by divine providence
             ... invoked by an accursed
              (8 damage)
             ... in the Dungeon (Sprint VIII: "Arena of Blood").
             The game lasted 00:07:33 (138 turns).

Kidiri the Conqueror (Centaur Gladiator)             Turns: 138, Time: 00:07:34

Health: -7/273     AC: 10    Str: 18    XL:     27
Magic:  45/54      EV: 34    Int:  7    God:    Makhleb [******]
Gold:   0          SH:  0    Dex: 23    Spells: 0 memorised, 80 levels left

rFire  + . .     SeeInvis .     l - +∞ Axe of Woe
rCold  . . .     Gourm    .     b - +0 leather armour
rNeg   . . .     Faith    .     (shield currently unavailable)
rPois  .         Spirit   .     c - +0 helmet
rElec  .         Dismiss  .     (no cloak)
rCorr  .         Reflect  .     (no gloves)
SustAt .         Harm     .     (no barding)
MR     ++...     NoTele   +     (no amulet)
Stlth  ++++++....               (no ring)
                                m - ring of protection from fire

@: lethally poisoned (-7 -> -26), marked, very slightly contaminated, very
quick, very resistant to hostile enchantments, very stealthy
A: hooves 3, deformed body, speed 2, tough skin 3
a: Minor Destruction, Lesser Servant of Makhleb, Major Destruction, Greater
Servant of Makhleb, Renounce Religion


You were in the Dungeon.
You worshipped Makhleb.
Makhleb was exalted by your worship.
You were not hungry.

You visited 1 branch

Inventory:

Hand Weapons
 a - a +0 war axe
 l - the +∞ Axe of Woe (weapon)
   (You found it in the Dungeon)
Missiles
 d - 3 throwing nets (quivered)
Armour
 b - a +0 leather armour (worn)
 c - a +0 helmet (worn)
Jewellery
 m - a ring of protection from fire (left hand)
Potions
 h - a potion of haste
 i - 2 potions of magic
 j - a potion of berserk rage
Comestibles
 f - a bread ration


   Skills:
 O Level 27 Fighting
 O Level 27 Axes
 O Level 27 Throwing
 O Level 27 Armour
 O Level 27 Dodging
 O Level 27 Stealth
 O Level 27 Unarmed Combat
 O Level 27 Spellcasting
 O Level 27 Invocations


You had 80 spell levels left.
You didn't know any spells.

Dungeon Overview and Level Annotations

Branches:
Dungeon (1/1)

Altars:
Makhleb

Annotations:
D The Defiler


Innate Abilities, Weirdness & Mutations

You have hooves in place of feet.
Armour fits poorly on your strangely shaped body.
You cover ground very quickly.
You have extremely tough skin (AC +3).


Message History

The bag of meat convulses!
The large bag of meat convulses!
The meat berserker convulses!
The bag of meat convulses!
Your body is wracked with pain!
* * * LOW HITPOINT WARNING * * *
The corpses begin to drag themselves along the ground!
You hear a shout!
The eight-headed meat hydra calls on the powers of darkness!
The eight-headed meat hydra convulses!
Your body is wracked with pain!
* * * LOW HITPOINT WARNING * * *
The large bag of meat convulses!
The bag of meat convulses! x2
The meat berserker convulses! 4 crawling corpses come into view.
* * * LOW HITPOINT WARNING * * *
You feel sick.
You hear a shout! x3; You feel something staring at you.
Something smites you!
* * * LOW HITPOINT WARNING * * *
The accursed casts a spell at you. Something smites you!
You die...

######### ####.......=
####.x.....X...
####..x.)))).X##.#
####.....D.@.Cooz.XL.
####.........####CxO.W##
#...........#.....MxOD..
#............#.....V.O..
#......M.....#........O.
#.......###...#......WO.
#.....### .....#....p.2V
#....#............W.....
#........#........ .....
..


You could see an accursed, 2 eight-headed meat hydras, a sculptor of flesh, 2
large bags of meat, 3 large abominations, a dread, 3 meat berserkers, 2 bags of
meat and 4 crawling corpses.

Vanquished Creatures
  Sigmund (D)
  4 hell beasts (D)
  A greater mummy (D)
  2 great orbs of eyes (D)
  2 wraiths (D)
  Harold (D)
  16 vampire knights (D)
  6 liches (D)
  A hydra (D)
  102 orcs (D)
  2 phantoms (D)
  4 hill giants (D)
  4 skeletal warriors (D)
  A sea snake (D)
  6 large abominations (D)
  5 small abominations (D)
  8 crawling corpses (D)
  34 ogres (D)
200 creatures vanquished.

Vanquished Creatures (others)
  6 crawling corpses (D)
6 creatures vanquished.

Grand Total: 206 creatures vanquished

Notes
Turn   | Place    | Note
--------------------------------------------------------------
     0 | D        | Kidiri the Centaur Gladiator began the quest for the Orb.
     0 | D        | Reached XP level 1. HP: 17/17 MP: 1/1
     3 | D        | Noticed a meat berserker
     3 | D        | Killed a meat berserker
     3 | D        | Reached skill level 15 in Armour
     3 | D        | Reached skill level 15 in Dodging
     3 | D        | Reached XP level 2. HP: 53/53 MP: 2/2
     3 | D        | Reached XP level 3. HP: 61/61 MP: 3/3
     3 | D        | Reached XP level 4. HP: 69/69 MP: 4/4
     3 | D        | Reached XP level 5. HP: 75/75 MP: 5/5
     3 | D        | Reached XP level 6. HP: 84/84 MP: 6/6
     3 | D        | Reached XP level 7. HP: 91/91 MP: 7/7
     3 | D        | Reached XP level 8. HP: 99/99 MP: 8/8
     3 | D        | Reached XP level 9. HP: 106/106 MP: 9/9
     3 | D        | Reached XP level 10. HP: 114/114 MP: 10/10
     3 | D        | Reached XP level 11. HP: 121/121 MP: 11/11
     3 | D        | Reached XP level 12. HP: 129/129 MP: 12/12
     3 | D        | Reached XP level 13. HP: 136/136 MP: 13/13
     5 | D        | Noticed a meat berserker
     5 | D        | Became a worshipper of Makhleb the Destroyer
     6 | D        | Noticed a bag of meat
     6 | D        | Noticed a bag of meat
     6 | D        | Noticed a bag of meat
     7 | D        | Noticed a bag of meat
     7 | D        | Noticed a bag of meat
     7 | D        | Noticed a meat berserker
     9 | D        | Noticed a bag of meat
     9 | D        | Noticed a meat berserker
     9 | D        | Killed a bag of meat
     9 | D        | Killed a bag of meat
     9 | D        | Reached * piety under Makhleb
     9 | D        | Reached XP level 14. HP: 151/151 MP: 13/21
     9 | D        | Killed a bag of meat
     9 | D        | Noticed a bag of meat
    10 | D        | Noticed a bag of meat
    10 | D        | Noticed a bag of meat
    10 | D        | Killed a meat berserker
    10 | D        | Reached ** piety under Makhleb
    10 | D        | Reached XP level 15. HP: 166/166 MP: 13/25
    10 | D        | Killed a meat berserker
    10 | D        | Reached skill level 15 in Invocations
    10 | D        | Reached XP level 16. HP: 179/179 MP: 13/27
    11 | D        | Killed a meat berserker
    11 | D        | Reached *** piety under Makhleb
    12 | D        | Noticed a meat berserker
    12 | D        | Noticed a meat berserker
    12 | D        | Reached skill level 27 in Fighting
    12 | D        | Reached XP level 17. HP: 191/191 MP: 14/30
    13 | D        | Noticed a meat berserker
    13 | D        | Noticed a meat berserker
    13 | D        | Reached **** piety under Makhleb
    13 | D        | Reached XP level 18. HP: 200/200 MP: 14/33
    14 | D        | Noticed a meat berserker
    14 | D        | Noticed a meat berserker
    14 | D        | Reached ***** piety under Makhleb
    14 | D        | Killed a meat berserker
    14 | D        | Killed a meat berserker
    14 | D        | Reached skill level 27 in Armour
    14 | D        | Reached skill level 27 in Dodging
    14 | D        | Reached skill level 27 in Invocations
    14 | D        | Reached skill level 10 in Axes
    14 | D        | Reached skill level 5 in Stealth
    14 | D        | Reached XP level 19. HP: 153/207 MP: 14/36
    15 | D        | Reached skill level 10 in Stealth
    15 | D        | Killed a meat berserker
    15 | D        | Reached ****** piety under Makhleb
    15 | D        | Reached XP level 20. HP: 216/216 MP: 15/37
    15 | D        | Killed a meat berserker
    15 | D        | Reached skill level 15 in Stealth
    15 | D        | Noticed a destroyer
    16 | D        | Killed a meat berserker
    16 | D        | Reached skill level 27 in Axes
    16 | D        | Reached XP level 21. HP: 224/224 MP: 15/38
    17 | D        | Reached skill level 27 in Throwing
    19 | D        | Killed a destroyer
    19 | D        | Reached skill level 27 in Stealth
    19 | D        | Reached XP level 22. HP: 233/233 MP: 16/39
    20 | D        | Reached skill level 10 in Spellcasting
    22 | D        | Noticed a destroyer
    23 | D        | Reached skill level 15 in Spellcasting
    24 | D        | Reached skill level 27 in Unarmed Combat
    24 | D        | Reached XP level 23. HP: 240/240 MP: 17/45
    25 | D        | Noticed a destroyer
    25 | D        | Killed a destroyer
    26 | D        | Reached skill level 27 in Spellcasting
    27 | D        | Noticed a destroyer
    27 | D        | Reached XP level 24. HP: 249/249 MP: 17/54
    28 | D        | Noticed a destroyer
    29 | D        | Killed a destroyer
    33 | D        | Noticed a destroyer
    33 | D        | Reached XP level 25. HP: 257/257 MP: 19/54
    36 | D        | Killed a destroyer
    37 | D        | Killed a destroyer
    37 | D        | Reached XP level 26. HP: 266/266 MP: 20/54
    38 | D        | Noticed a destroyer
    39 | D        | Noticed a destroyer
    42 | D        | Noticed a destroyer
    42 | D        | Killed a destroyer
    44 | D        | Noticed a destroyer
    44 | D        | Noticed a destroyer
    44 | D        | Reached XP level 27. HP: 273/273 MP: 22/54
    45 | D        | Noticed a destroyer
    45 | D        | Killed a destroyer
    46 | D        | Noticed a destroyer
    46 | D        | Noticed a destroyer
    47 | D        | Killed a destroyer
    47 | D        | Killed a destroyer
    48 | D        | Noticed an accursed
    49 | D        | Killed a destroyer
    49 | D        | Killed a destroyer
    51 | D        | Killed a destroyer
    54 | D        | Killed a destroyer
    55 | D        | Noticed a destroyer
    55 | D        | Noticed a tyrant
    56 | D        | Noticed a tyrant
    57 | D        | Noticed a meat beast
    58 | D        | Killed a destroyer
    61 | D        | Killed an accursed
    62 | D        | Killed a meat beast
    64 | D        | Killed a destroyer
    65 | D        | Noticed a dread
    66 | D        | Killed a tyrant
    70 | D        | Killed a tyrant
    71 | D        | Noticed a meat beast
    72 | D        | Noticed a meat beast
    72 | D        | Noticed a destroyer
    73 | D        | Noticed a meat beast
    75 | D        | Noticed a tyrant
    76 | D        | Noticed a tyrant
    79 | D        | Killed a meat beast
    80 | D        | Killed a dread
    82 | D        | Killed a meat beast
    82 | D        | Killed a meat beast
    89 | D        | Killed a destroyer
    90 | D        | Noticed a tyrant
    93 | D        | Killed a tyrant
    93 | D        | Killed a tyrant
    94 | D        | Killed a tyrant
    96 | D        | Noticed a tyrant
    96 | D        | Killed a tyrant
   101 | D        | Noticed a tyrant
   102 | D        | Noticed The Defiler
   105 | D        | Noticed a dread
   109 | D        | Killed a dread
   116 | D        | Noticed an accursed
   124 | D        | Noticed The Captor
   127 | D        | Noticed The Servant
   128 | D        | Noticed an accursed
   131 | D        | Killed The Captor
   134 | D        | Noticed a destroyer
   134 | D        | Noticed a meat beast
   134 | D        | Noticed a dread
   134 | D        | Noticed a dread
   134 | D        | Noticed a tyrant
   134 | D        | Noticed a fleshlord
   135 | D        | Killed The Servant
   137 | D        | Noticed a dread
   137 | D        | Noticed a meat beast
   137 | D        | Noticed a destroyer
   137 | D        | HP: 11/273 [??? (9)]
   138 | D        | HP: 1/273 [something (9)]
   138 | D        | Killed from afar by an accursed

Vault maps used:
D:        meatsprint

Skill      XL: |  1  2  3  4  5  6  7  8  9 10 11 12 13 14 15 16 17 18 19 20 21 22 23 |
---------------+----------------------------------------------------------------------+-----
Fighting       | 18 21 23 25 27 | 27.0
Armour         | 15 17 19 20 22 25 27 | 27.0
Dodging        | 15 17 19 20 22 25 27 | 27.0
Invocations    | 9 13 15 18 22 27 | 27.0
Axes           | 10 21 27 | 27.0
Throwing       | 8 18 25 27 | 27.0
Stealth        | 5 13 19 27 | 27.0
Unarmed Combat | 14 27 | 27.0
Spellcasting   | 8 18 27 | 27.0

Action                   |  1- 3 |  4- 6 |  7- 9 | 10-12 | 13-15 | 16-18 | 19-21 | 22-24 | 25-27 || total
-------------------------+-------+-------+-------+-------+-------+-------+-------+-------+-------++-------
Melee: Executioner's axe |     1 |       |       |       |     2 |     4 |     5 |    11 |    63 ||    86
  Use: Potion            |       |       |       |       |       |       |       |       |     2 ||     2
       Scroll            |       |       |       |       |       |       |       |       |     1 ||     1
Dodge: Dodged            |       |       |       |       |       |     1 |     3 |       |     5 ||     9
